Flyers vs Kings

Created - February 15 2011 at 18:24

Goals
1 2 3 OT1 SO T
Flyers 0 0 2 0 0 2
Kings 2 0 0 0 1 3
Shots
1 2 3 OT1 SO T
Flyers 16 22 9 0 4 47
Kings 7 3 4 2 4 16

Period #1

1. Kings , Michael Frolik 12 (Sergei Samsonov, Jay Pandolfo) at 6:51
2. Kings , Matt Duchene 16 (Martin Skoula, Cory Sarich) at 11:58

Penalties :
Martin Skoula (LOS) for Roughing (Double Minor) at 2:13, Nikolai Khabibulin (LOS) for Slashing (Minor) at 2:34 - Kent Huskins served the penalty., Kent Huskins (LOS) for Tripping (Minor) at 7:44, Craig Adams (LOS) for Roughing (Minor) at 8:26, Craig Adams (LOS) for Roughing (Double Minor) at 19:13

Period #2

No Goal

Penalties :
Sean Bergenheim (LOS) for Hooking (Minor) at 5:39, Sean Bergenheim (LOS) for Roughing (Minor) at 10:53, Darroll Powe (LOS) for Hooking (Minor) at 16:06

Period #3

3. Flyers , Justin Williams 7 (Jochen Hecht, Tim Connolly) at 9:37
4. Flyers , Brendan Morrison 15 (Alexandre Picard, Lee Stempniak) at 15:22

Penalties :
Sean Bergenheim (LOS) for Hooking (Minor) at 1:23, Bryan Allen (LOS) for Fighting (Major) at 7:29, Chris Pronger (PHI) for Fighting (Major) at 7:29, Alexandre Picard (PHI) for Holding (Minor) at 12:48

Overtime #1

No Goal

Penalties :
No Penalty

Shootout

Penalty Shot by Tim Connolly for Flyers - Shot Misses the Net
Penalty Shot by Matt Duchene for Kings - Stopped by Tomas Vokoun
Penalty Shot by Jochen Hecht for Flyers - Stopped by Nikolai Khabibulin
Penalty Shot by Sean Bergenheim for Kings - Shot Misses the Net
Penalty Shot by Lee Stempniak for Flyers - Stopped by Nikolai Khabibulin
Penalty Shot by Craig Adams for Kings - Stopped by Tomas Vokoun
Penalty Shot by Niklas Hagman for Flyers - Stopped by Nikolai Khabibulin
Penalty Shot by Ruslan Fedotenko for Kings - Goal!

Penalties :
No Penalty

Goalie Stats

Tomas Vokoun (PHI), 14 saves from 16 shots - (0.875), OTL, 21-21-9, 65:00 minutes
Nikolai Khabibulin (LOS), 45 saves from 47 shots - (0.957), W, 14-28-1, 65:00 minutes

Players Stats

Flyers
Player Name              G  A  P  +/- PIM S  H  SB FO    MP 
------------------------------------------------------------
Alexandre Picard         0  1  1   0  2   0  1  0  0/1   15 
Andrei Markov            0  0  0   1  0   8  0  0  0/0   21 
Andrej Sekera            0  0  0  -1  0   0  0  0  0/0   8  
Brendan Morrison         1  0  1   0  0   6  0  0  15/20 19 
Chris Pronger            0  0  0  -1  5   3  1  0  0/0   24 
Glen Metropolit          0  0  0  -1  0   1  0  0  3/8   8  
Jochen Hecht             0  1  1   1  0   1  1  0  1/1   20 
John Madden              0  0  0   0  0   5  2  1  16/24 20 
Justin Williams          1  0  1   1  0   6  4  0  1/2   17 
Kevin Bieksa             0  0  0   0  0   2  3  0  0/0   24 
Kyle Brodziak            0  0  0  -1  0   0  1  1  0/0   7  
Ladislav Smid            0  0  0   1  0   0  2  1  0/0   16 
Lee Stempniak            0  1  1   0  0   1  1  0  1/1   13 
Niklas Hagman            0  0  0   0  0   2  0  0  0/1   24 
Radim Vrbata             0  0  0   0  0   2  1  0  0/1   21 
Rob Blake                0  0  0   0  0   4  0  0  0/0   24 
Rostislav Klesla         0  0  0   0  0   2  0  0  0/0   13 
Tim Connolly             0  1  1   0  0   4  2  0  12/33 25 
Kings
Player Name              G  A  P  +/- PIM S  H  SB FO    MP 
------------------------------------------------------------
Bryan Allen              0  0  0   0  5   0  1  4  0/0   21 
Cory Sarich              0  1  1   2  0   0  0  0  0/0   7  
Craig Adams              0  0  0   0  6   1  2  0  8/13  19 
Craig Conroy             0  0  0  -2  0   0  1  0  5/14  17 
Darroll Powe             0  0  0   0  2   0  3  0  5/17  13 
Ethan Moreau             0  0  0   0  0   0  0  0  1/1   13 
Evgeny Artyukhin         0  0  0  -2  0   3  0  0  1/2   13 
Jamie McBain             0  0  0   0  0   1  0  1  0/0   22 
Jay Pandolfo             0  1  1   2  0   0  0  0  0/1   11 
Kent Huskins             0  0  0   0  2   0  0  3  0/0   22 
Martin Skoula            0  1  1   2  4   0  3  6  0/0   24 
Matt Duchene             1  0  1   1  0   4  0  0  16/30 26 
Michael Del Zotto        0  0  0  -2  0   0  7  3  0/0   17 
Michael Frolik           1  0  1   1  0   4  1  0  1/2   14 
Mike Lundin              0  0  0  -2  0   0  0  2  0/0   13 
Ruslan Fedotenko         0  0  0  -2  0   1  2  0  1/2   21 
Sean Bergenheim          0  0  0   0  6   1  2  0  4/5   18 
Sergei Samsonov          0  1  1   2  0   1  0  0  1/5   7  

3 Stars

1 - Justin Williams (PHI)
2 - Nikolai Khabibulin (LOS)
3 - Michael Frolik (LOS)

Power Play

Flyers - 0 on 9 Attempt(s) - 0.00%
Kings - 0 on 1 Attempt(s) - 0.00%

Penalty Kill

Flyers - 1 on 1 Attempt(s) - 100.00% - Score 0 goal in Penalty Kill
Kings - 9 on 9 Attempt(s) - 100.00% - Score 0 goal in Penalty Kill

Game Notes

Chris Pronger beats up Bryan Allen at 7:29 of 3rd period
John Madden is injured at 14:17 of 3rd period (Right Hand)

Finance

Level 1 -- Attendance: 5755 (88.54%) -- Ticket Income $460,400.00
Level 2 -- Attendance: 4937 (98.74%) -- Ticket Income $246,850.00
Level 3 -- Attendance: 2488 (71.09%) -- Ticket Income $87,080.00
Level 4 -- Attendance: 2118 (100.00%) -- Ticket Income $42,360.00
Luxury Box -- Attendance: 798 (79.80%) -- Ticket Income $159,600.00
Game was played at the Staples Center
Total Attendance: 16096 (88.84%)
Total Ticket Income: $996,791.80
Other Income: $156,768.30
Total Income: $1,153,560.00


Play by Play

Period #1

0:01 of 1st period - Michael Frolik wins face-off versus Tim Connolly in neutral zone.
0:22 of 1st period - Shot by Matt Duchene.
0:22 of 1st period - Stopped by Tomas Vokoun without a rebound.
0:23 of 1st period - John Madden wins face-off versus Darroll Powe in Flyers zone.
0:23 of 1st period - John Madden is hit by Craig Adams.
0:33 of 1st period - Shot by Niklas Hagman.
0:33 of 1st period - Shot Misses the Net.
0:35 of 1st period - Shot by John Madden.
0:35 of 1st period - Shot Misses the Net.
1:02 of 1st period - Kevin Bieksa is hit by Bryan Allen and loses puck.
1:12 of 1st period - Bryan Allen is hit by Chris Pronger and loses puck.
1:22 of 1st period - Jochen Hecht is hit by Martin Skoula and loses puck.
1:37 of 1st period - Shot by Sean Bergenheim.
1:37 of 1st period - Stopped by Tomas Vokoun without a rebound.
1:38 of 1st period - Brendan Morrison wins face-off versus Craig Conroy in Flyers zone.
1:40 of 1st period - Icing by Lee Stempniak.
1:41 of 1st period - Brendan Morrison wins face-off versus Craig Conroy in Flyers zone.
2:04 of 1st period - Shot by Evgeny Artyukhin.
2:04 of 1st period - Stopped by Tomas Vokoun without a rebound.
2:05 of 1st period - Matt Duchene wins face-off versus Tim Connolly in Flyers zone.
2:13 of 1st period - Double Minor Penalty to Martin Skoula for Roughing.
2:14 of 1st period - Matt Duchene wins face-off versus John Madden in Kings zone.
2:34 of 1st period - Shot by Niklas Hagman.
2:34 of 1st period - Stopped by Nikolai Khabibulin without a rebound.
2:34 of 1st period - Minor Penalty to Nikolai Khabibulin for Slashing.
2:35 of 1st period - Matt Duchene wins face-off versus Tim Connolly in Kings zone.
2:48 of 1st period - Shot by Tim Connolly.
2:48 of 1st period - Shot Misses the Net.
2:50 of 1st period - Shot by Andrei Markov.
2:50 of 1st period - Stopped by Nikolai Khabibulin with a rebound.
2:52 of 1st period - Shot by Andrei Markov.
2:52 of 1st period - Stopped by Nikolai Khabibulin with a rebound.
2:54 of 1st period - Shot by Justin Williams.
2:54 of 1st period - Shot Misses the Net.
2:56 of 1st period - Shot by Chris Pronger.
2:56 of 1st period - Shot Blocked by Bryan Allen.
2:58 of 1st period - Shot by Chris Pronger.
2:58 of 1st period - Shot Blocked by Bryan Allen.
3:12 of 1st period - Shot by Justin Williams.
3:12 of 1st period - Stopped by Nikolai Khabibulin without a rebound.
3:13 of 1st period - Sean Bergenheim wins face-off versus John Madden in Kings zone.
3:40 of 1st period - Shot by Rob Blake.
3:40 of 1st period - Stopped by Nikolai Khabibulin without a rebound.
3:41 of 1st period - Sean Bergenheim wins face-off versus Tim Connolly in Kings zone.
3:47 of 1st period - Off-side.
3:48 of 1st period - Matt Duchene wins face-off versus John Madden in neutral zone.
4:37 of 1st period - Bryan Allen is hit by Justin Williams and loses puck.
5:43 of 1st period - Off-side.
5:44 of 1st period - Craig Adams wins face-off versus Tim Connolly in neutral zone.
6:12 of 1st period - Shot by Chris Pronger.
6:12 of 1st period - Shot Misses the Net.
6:24 of 1st period - Ladislav Smid is hit by Michael Frolik and loses puck.
6:33 of 1st period - Shot by Lee Stempniak.
6:33 of 1st period - Deflect By Brendan Morrison.
6:33 of 1st period - Stopped by Nikolai Khabibulin with a rebound.
6:51 of 1st period - Shot by Michael Frolik.
6:51 of 1st period - Goal by Michael Frolik - Flyers : 0 - Kings : 1.
6:52 of 1st period - Craig Conroy wins face-off versus Glen Metropolit in neutral zone.
7:01 of 1st period - Chris Pronger is hit by Michael Del Zotto and loses puck.
7:31 of 1st period - Icing by Ruslan Fedotenko.
7:32 of 1st period - Brendan Morrison wins face-off versus Craig Conroy in Kings zone.
7:37 of 1st period - Shot by Lee Stempniak.
7:37 of 1st period - Shot Blocked by Michael Del Zotto.
7:39 of 1st period - Shot by Alexandre Picard.
7:39 of 1st period - Shot Blocked by Michael Del Zotto.
7:41 of 1st period - Shot by Rostislav Klesla.
7:41 of 1st period - Deflect By Brendan Morrison.
7:41 of 1st period - Stopped by Nikolai Khabibulin without a rebound.
7:42 of 1st period - John Madden wins face-off versus Darroll Powe in Kings zone.
7:44 of 1st period - Minor Penalty to Kent Huskins for Tripping.
7:45 of 1st period - John Madden wins face-off versus Matt Duchene in Kings zone.
7:45 of 1st period - John Madden is hit by Martin Skoula.
7:51 of 1st period - Shot by Rob Blake.
7:51 of 1st period - Stopped by Nikolai Khabibulin without a rebound.
7:52 of 1st period - John Madden wins face-off versus Matt Duchene in Kings zone.
8:26 of 1st period - Minor Penalty to Craig Adams for Roughing.
8:27 of 1st period - Sean Bergenheim wins face-off versus Tim Connolly in Kings zone.
8:37 of 1st period - Off-side.
8:38 of 1st period - Sean Bergenheim wins face-off versus Tim Connolly in neutral zone.
8:51 of 1st period - Shot by Chris Pronger.
8:51 of 1st period - Stopped by Nikolai Khabibulin without a rebound.
8:52 of 1st period - Tim Connolly wins face-off versus Sean Bergenheim in Kings zone.
9:38 of 1st period - Icing by John Madden.
9:39 of 1st period - Matt Duchene wins face-off versus John Madden in Flyers zone.
9:52 of 1st period - Shot by Kevin Bieksa.
9:52 of 1st period - Stopped by Nikolai Khabibulin without a rebound.
9:53 of 1st period - Matt Duchene wins face-off versus John Madden in Kings zone.
11:33 of 1st period - Shot by Andrei Markov.
11:33 of 1st period - Stopped by Nikolai Khabibulin without a rebound.
11:34 of 1st period - Sergei Samsonov wins face-off versus Glen Metropolit in Kings zone.
11:34 of 1st period - Sergei Samsonov is hit by Tim Connolly.
11:54 of 1st period - Shot by Matt Duchene.
11:54 of 1st period - Shot Misses the Net.
11:58 of 1st period - Shot by Matt Duchene.
11:58 of 1st period - Goal by Matt Duchene - Flyers : 0 - Kings : 2.
11:59 of 1st period - John Madden wins face-off versus Darroll Powe in neutral zone.
11:59 of 1st period - Niklas Hagman is hit by Darroll Powe and loses puck.
12:56 of 1st period - Shot by Tim Connolly.
12:56 of 1st period - Shot Misses the Net.
13:10 of 1st period - Shot by Tim Connolly.
13:10 of 1st period - Shot Misses the Net.
13:12 of 1st period - Shot by Andrei Markov.
13:12 of 1st period - Stopped by Nikolai Khabibulin without a rebound.
13:13 of 1st period - Brendan Morrison wins face-off versus Craig Conroy in Kings zone.
13:13 of 1st period - Brendan Morrison is hit by Michael Del Zotto.
13:15 of 1st period - Shot by Lee Stempniak.
13:15 of 1st period - Stopped by Nikolai Khabibulin with a rebound.
13:19 of 1st period - Shot by Lee Stempniak.
13:19 of 1st period - Shot Blocked by Mike Lundin.
13:24 of 1st period - Brendan Morrison is hit by Michael Del Zotto and loses puck.
13:42 of 1st period - Ladislav Smid is hit by Michael Del Zotto and loses puck.
14:19 of 1st period - Shot by Sergei Samsonov.
14:19 of 1st period - Stopped by Tomas Vokoun with a rebound.
14:42 of 1st period - Icing by Cory Sarich.
14:43 of 1st period - John Madden wins face-off versus Sergei Samsonov in Kings zone.
14:58 of 1st period - Shot by John Madden.
14:58 of 1st period - Stopped by Nikolai Khabibulin with a rebound.
15:14 of 1st period - Shot by John Madden.
15:14 of 1st period - Stopped by Nikolai Khabibulin without a rebound.
15:15 of 1st period - Darroll Powe wins face-off versus Brendan Morrison in Kings zone.
15:23 of 1st period - Icing by Rostislav Klesla.
15:24 of 1st period - Craig Conroy wins face-off versus Alexandre Picard in Flyers zone.
15:25 of 1st period - Shot by Mike Lundin.
15:25 of 1st period - Shot Misses the Net.
16:08 of 1st period - Icing by Chris Pronger.
16:09 of 1st period - Tim Connolly wins face-off versus Darroll Powe in Flyers zone.
17:00 of 1st period - Matt Duchene is hit by Justin Williams and loses puck.
17:17 of 1st period - Shot by Michael Frolik.
17:17 of 1st period - Stopped by Tomas Vokoun without a rebound.
17:18 of 1st period - John Madden wins face-off versus Craig Conroy in Flyers zone.
18:06 of 1st period - Craig Conroy is hit by Ladislav Smid and loses puck.
18:17 of 1st period - Shot by Rostislav Klesla.
18:17 of 1st period - Stopped by Nikolai Khabibulin without a rebound.
18:18 of 1st period - Matt Duchene wins face-off versus Brendan Morrison in Kings zone.
18:18 of 1st period - Matt Duchene is hit by Alexandre Picard.
18:44 of 1st period - Shot by Lee Stempniak.
18:44 of 1st period - Shot Misses the Net.
18:46 of 1st period - Shot by Rostislav Klesla.
18:46 of 1st period - Shot Misses the Net.
19:05 of 1st period - Icing by Chris Pronger.
19:06 of 1st period - Glen Metropolit wins face-off versus Darroll Powe in Flyers zone.
19:06 of 1st period - Glen Metropolit is hit by Darroll Powe.
19:13 of 1st period - Double Minor Penalty to Craig Adams for Roughing.
19:14 of 1st period - John Madden wins face-off versus Craig Conroy in Kings zone.
19:42 of 1st period - Ruslan Fedotenko is hit by Radim Vrbata and loses puck.

Period #2

0:01 of 2nd period - Tim Connolly wins face-off versus Matt Duchene in neutral zone.
0:24 of 2nd period - Shot by Jochen Hecht.
0:24 of 2nd period - Shot Blocked by Kent Huskins.
0:26 of 2nd period - Shot by Chris Pronger.
0:26 of 2nd period - Shot Misses the Net.
0:28 of 2nd period - Shot by Tim Connolly.
0:28 of 2nd period - Stopped by Nikolai Khabibulin without a rebound.
0:29 of 2nd period - John Madden wins face-off versus Matt Duchene in Kings zone.
1:00 of 2nd period - Shot by Niklas Hagman.
1:00 of 2nd period - Shot Misses the Net.
1:30 of 2nd period - Shot by Andrei Markov.
1:30 of 2nd period - Shot Misses the Net.
1:32 of 2nd period - Shot by Andrei Markov.
1:32 of 2nd period - Stopped by Nikolai Khabibulin without a rebound.
1:33 of 2nd period - Tim Connolly wins face-off versus Matt Duchene in Kings zone.
1:55 of 2nd period - Shot by Andrei Markov.
1:55 of 2nd period - Stopped by Nikolai Khabibulin without a rebound.
1:56 of 2nd period - John Madden wins face-off versus Michael Frolik in Kings zone.
2:50 of 2nd period - Shot by Andrei Markov.
2:50 of 2nd period - Deflect By Jochen Hecht.
2:50 of 2nd period - Stopped by Nikolai Khabibulin without a rebound.
2:51 of 2nd period - Matt Duchene wins face-off versus Tim Connolly in Kings zone.
3:14 of 2nd period - Shot by Andrei Markov.
3:14 of 2nd period - Shot Hit the Post.
3:16 of 2nd period - Shot by Rostislav Klesla.
3:16 of 2nd period - Stopped by Nikolai Khabibulin without a rebound.
3:17 of 2nd period - Brendan Morrison wins face-off versus Sergei Samsonov in Kings zone.
3:38 of 2nd period - Shot by Brendan Morrison.
3:38 of 2nd period - Stopped by Nikolai Khabibulin without a rebound.
3:39 of 2nd period - John Madden wins face-off versus Craig Conroy in Kings zone.
3:42 of 2nd period - Shot by John Madden.
3:42 of 2nd period - Stopped by Nikolai Khabibulin with a rebound.
3:46 of 2nd period - Shot by John Madden.
3:46 of 2nd period - Deflect By Niklas Hagman.
3:46 of 2nd period - Shot Misses the Net.
3:48 of 2nd period - Shot by Niklas Hagman.
3:48 of 2nd period - Shot Blocked by Mike Lundin.
3:50 of 2nd period - Shot by John Madden.
3:50 of 2nd period - Stopped by Nikolai Khabibulin without a rebound.
3:51 of 2nd period - Lee Stempniak wins face-off versus Darroll Powe in Kings zone.
3:54 of 2nd period - Shot by Brendan Morrison.
3:54 of 2nd period - Stopped by Nikolai Khabibulin with a rebound.
4:06 of 2nd period - Shot by Ethan Moreau.
4:06 of 2nd period - Shot Misses the Net.
4:19 of 2nd period - Darroll Powe is hit by Ladislav Smid.
4:45 of 2nd period - Shot by Evgeny Artyukhin.
4:45 of 2nd period - Stopped by Tomas Vokoun with a rebound.
4:47 of 2nd period - Shot by Ruslan Fedotenko.
4:47 of 2nd period - Shot Blocked by Ladislav Smid.
5:04 of 2nd period - Shot by Michael Del Zotto.
5:04 of 2nd period - Shot Misses the Net.
5:39 of 2nd period - Minor Penalty to Sean Bergenheim for Hooking.
5:40 of 2nd period - Matt Duchene wins face-off versus John Madden in Kings zone.
6:03 of 2nd period - Shot by Radim Vrbata.
6:03 of 2nd period - Shot Misses the Net.
6:05 of 2nd period - Shot by Niklas Hagman.
6:05 of 2nd period - Stopped by Nikolai Khabibulin without a rebound.
6:06 of 2nd period - Tim Connolly wins face-off versus Craig Adams in Kings zone.
6:25 of 2nd period - Shot by Andrei Markov.
6:25 of 2nd period - Shot Misses the Net.
6:27 of 2nd period - Shot by Chris Pronger.
6:27 of 2nd period - Shot Misses the Net.
7:25 of 2nd period - Shot by Rob Blake.
7:25 of 2nd period - Stopped by Nikolai Khabibulin without a rebound.
7:26 of 2nd period - Tim Connolly wins face-off versus Craig Adams in Kings zone.
7:44 of 2nd period - Tim Connolly is hit by Michael Del Zotto and loses puck.
7:53 of 2nd period - Shot by Sean Bergenheim.
7:53 of 2nd period - Shot Misses the Net.
7:55 of 2nd period - Shot by Craig Conroy.
7:55 of 2nd period - Shot Misses the Net.
8:10 of 2nd period - Glen Metropolit is hit by Michael Del Zotto and loses puck.
8:43 of 2nd period - Shot by Rob Blake.
8:43 of 2nd period - Shot Misses the Net.
8:45 of 2nd period - Shot by Radim Vrbata.
8:45 of 2nd period - Shot Blocked by Martin Skoula.
8:47 of 2nd period - Shot by John Madden.
8:47 of 2nd period - Shot Misses the Net.
8:49 of 2nd period - Shot by Rob Blake.
8:49 of 2nd period - Stopped by Nikolai Khabibulin without a rebound.
8:50 of 2nd period - Brendan Morrison wins face-off versus Darroll Powe in Kings zone.
9:43 of 2nd period - Shot by Jamie McBain.
9:43 of 2nd period - Shot Hit the Post.
9:45 of 2nd period - Shot by Martin Skoula.
9:45 of 2nd period - Deflect By Michael Frolik.
9:45 of 2nd period - Stopped by Tomas Vokoun with a rebound.
9:49 of 2nd period - Shot by Jamie McBain.
9:49 of 2nd period - Stopped by Tomas Vokoun without a rebound.
9:50 of 2nd period - Evgeny Artyukhin wins face-off versus Brendan Morrison in Flyers zone.
10:52 of 2nd period - Kevin Bieksa is hit by Sean Bergenheim.
10:53 of 2nd period - Minor Penalty to Sean Bergenheim for Roughing.
10:54 of 2nd period - John Madden wins face-off versus Matt Duchene in Kings zone.
11:11 of 2nd period - Shot by Kevin Bieksa.
11:11 of 2nd period - Stopped by Nikolai Khabibulin without a rebound.
11:12 of 2nd period - Craig Adams wins face-off versus John Madden in Kings zone.
12:13 of 2nd period - Shot by Andrei Markov.
12:13 of 2nd period - Stopped by Nikolai Khabibulin without a rebound.
12:14 of 2nd period - Craig Adams wins face-off versus Tim Connolly in Kings zone.
12:14 of 2nd period - Craig Adams is hit by Justin Williams.
12:55 of 2nd period - Icing by Ladislav Smid.
12:56 of 2nd period - Brendan Morrison wins face-off versus Darroll Powe in Flyers zone.
12:56 of 2nd period - Brendan Morrison is hit by Craig Adams.
13:09 of 2nd period - Shot by Darroll Powe.
13:09 of 2nd period - Shot Hit the Post.
14:36 of 2nd period - Shot by Tim Connolly.
14:36 of 2nd period - Shot Misses the Net.
14:38 of 2nd period - Shot by Tim Connolly.
14:38 of 2nd period - Shot Misses the Net.
14:42 of 2nd period - Shot by Tim Connolly.
14:42 of 2nd period - Stopped by Nikolai Khabibulin without a rebound.
14:43 of 2nd period - Brendan Morrison wins face-off versus Craig Conroy in Kings zone.
15:32 of 2nd period - Jamie McBain is hit by Lee Stempniak and loses puck.
16:06 of 2nd period - Minor Penalty to Darroll Powe for Hooking.
16:07 of 2nd period - Justin Williams wins face-off versus Craig Adams in Kings zone.
16:32 of 2nd period - Shot by Justin Williams.
16:32 of 2nd period - Stopped by Nikolai Khabibulin without a rebound.
16:33 of 2nd period - John Madden wins face-off versus Craig Adams in Kings zone.
16:33 of 2nd period - John Madden is hit by Michael Del Zotto.
17:01 of 2nd period - Shot by John Madden.
17:01 of 2nd period - Stopped by Nikolai Khabibulin without a rebound.
17:02 of 2nd period - Craig Adams wins face-off versus Tim Connolly in Kings zone.
17:02 of 2nd period - Ruslan Fedotenko is hit by Tim Connolly and loses puck.
17:09 of 2nd period - Shot by Andrei Markov.
17:09 of 2nd period - Shot Blocked by Kent Huskins.
17:11 of 2nd period - Shot by Jochen Hecht.
17:11 of 2nd period - Shot Misses the Net.
17:13 of 2nd period - Shot by Andrei Markov.
17:13 of 2nd period - Stopped by Nikolai Khabibulin without a rebound.
17:14 of 2nd period - Craig Adams wins face-off versus Tim Connolly in Kings zone.
17:14 of 2nd period - Craig Adams is hit by Justin Williams.
17:32 of 2nd period - Shot by Justin Williams.
17:32 of 2nd period - Stopped by Nikolai Khabibulin without a rebound.
17:33 of 2nd period - Ruslan Fedotenko wins face-off versus Niklas Hagman in Kings zone.
17:44 of 2nd period - Shot by Kevin Bieksa.
17:44 of 2nd period - Shot Blocked by Bryan Allen.
17:46 of 2nd period - Shot by Radim Vrbata.
17:46 of 2nd period - Stopped by Nikolai Khabibulin without a rebound.
17:47 of 2nd period - Matt Duchene wins face-off versus Tim Connolly in Kings zone.
18:31 of 2nd period - Shot by Brendan Morrison.
18:31 of 2nd period - Shot Misses the Net.
18:33 of 2nd period - Shot by Brendan Morrison.
18:33 of 2nd period - Deflect By Lee Stempniak.
18:33 of 2nd period - Shot Blocked by Michael Del Zotto.
18:35 of 2nd period - Shot by Brendan Morrison.
18:35 of 2nd period - Stopped by Nikolai Khabibulin without a rebound.
18:36 of 2nd period - John Madden wins face-off versus Jay Pandolfo in Kings zone.
19:27 of 2nd period - Shot by Tim Connolly.
19:27 of 2nd period - Stopped by Nikolai Khabibulin without a rebound.
19:28 of 2nd period - Ethan Moreau wins face-off versus Brendan Morrison in Kings zone.

Period #3

0:01 of 3rd period - Tim Connolly wins face-off versus Matt Duchene in neutral zone.
0:06 of 3rd period - Shot by Justin Williams.
0:06 of 3rd period - Deflect By Tim Connolly.
0:06 of 3rd period - Shot Blocked by Jamie McBain.
0:12 of 3rd period - Shot by Tim Connolly.
0:12 of 3rd period - Shot Blocked by Martin Skoula.
0:14 of 3rd period - Shot by Andrei Markov.
0:14 of 3rd period - Shot Blocked by Martin Skoula.
0:16 of 3rd period - Shot by Jochen Hecht.
0:16 of 3rd period - Deflect By Justin Williams.
0:16 of 3rd period - Stopped by Nikolai Khabibulin without a rebound.
0:17 of 3rd period - John Madden wins face-off versus Darroll Powe in Kings zone.
0:46 of 3rd period - Craig Adams is hit by John Madden and loses puck.
1:05 of 3rd period - Michael Frolik is hit by John Madden and loses puck.
1:13 of 3rd period - Icing by Jamie McBain.
1:14 of 3rd period - Matt Duchene wins face-off versus Tim Connolly in Kings zone.
1:23 of 3rd period - Minor Penalty to Sean Bergenheim for Hooking.
1:24 of 3rd period - Matt Duchene wins face-off versus Tim Connolly in Kings zone.
4:49 of 3rd period - Shot by Darroll Powe.
4:49 of 3rd period - Shot Blocked by Kyle Brodziak.
4:51 of 3rd period - Shot by Bryan Allen.
4:51 of 3rd period - Shot Misses the Net.
5:12 of 3rd period - Icing by Craig Adams.
5:13 of 3rd period - Darroll Powe wins face-off versus Tim Connolly in Kings zone.
6:03 of 3rd period - Shot by Michael Frolik.
6:03 of 3rd period - Deflect By Matt Duchene.
6:03 of 3rd period - Stopped by Tomas Vokoun without a rebound.
6:04 of 3rd period - Brendan Morrison wins face-off versus Sergei Samsonov in Flyers zone.
6:12 of 3rd period - Sergei Samsonov is hit by Kevin Bieksa and loses puck.
6:35 of 3rd period - Shot by Brendan Morrison.
6:35 of 3rd period - Shot Misses the Net.
6:52 of 3rd period - Icing by Kyle Brodziak.
6:53 of 3rd period - Craig Conroy wins face-off versus Glen Metropolit in Flyers zone.
7:29 of 3rd period - Chris Pronger beats up Bryan Allen.
7:29 of 3rd period - Penalty to Bryan Allen for Fighting.
7:29 of 3rd period - Penalty to Chris Pronger for Fighting.
7:30 of 3rd period - Darroll Powe wins face-off versus Radim Vrbata in Flyers zone.
7:55 of 3rd period - Icing by Kent Huskins.
7:56 of 3rd period - Brendan Morrison wins face-off versus Darroll Powe in Kings zone.
8:06 of 3rd period - Brendan Morrison is hit by Darroll Powe and loses puck.
8:16 of 3rd period - Icing by Ladislav Smid.
8:17 of 3rd period - Brendan Morrison wins face-off versus Sergei Samsonov in Flyers zone.
8:47 of 3rd period - Icing by Rob Blake.
8:48 of 3rd period - John Madden wins face-off versus Evgeny Artyukhin in Flyers zone.
8:48 of 3rd period - John Madden is hit by Craig Conroy.
9:37 of 3rd period - Shot by Justin Williams.
9:37 of 3rd period - Goal by Justin Williams - Flyers : 1 - Kings : 2.
9:38 of 3rd period - Darroll Powe wins face-off versus Glen Metropolit in neutral zone.
11:47 of 3rd period - Icing by Rob Blake.
11:48 of 3rd period - Craig Conroy wins face-off versus John Madden in Flyers zone.
12:04 of 3rd period - Off-side.
12:05 of 3rd period - Craig Conroy wins face-off versus Tim Connolly in neutral zone.
12:12 of 3rd period - Shot by Evgeny Artyukhin.
12:12 of 3rd period - Stopped by Tomas Vokoun without a rebound.
12:13 of 3rd period - Glen Metropolit wins face-off versus Matt Duchene in Flyers zone.
12:13 of 3rd period - Glen Metropolit is hit by Sean Bergenheim.
12:44 of 3rd period - Jamie McBain is hit by Kyle Brodziak.
12:45 of 3rd period - Icing by Jamie McBain.
12:46 of 3rd period - Brendan Morrison wins face-off versus Matt Duchene in Kings zone.
12:46 of 3rd period - Ladislav Smid is hit by Martin Skoula and loses puck.
12:48 of 3rd period - Minor Penalty to Alexandre Picard for Holding.
12:49 of 3rd period - Craig Adams wins face-off versus Tim Connolly in Flyers zone.
12:52 of 3rd period - Shot by Kent Huskins.
12:52 of 3rd period - Shot Misses the Net.
12:56 of 3rd period - Shot by Craig Adams.
12:56 of 3rd period - Shot Misses the Net.
12:58 of 3rd period - Shot by Craig Adams.
12:58 of 3rd period - Stopped by Tomas Vokoun without a rebound.
12:59 of 3rd period - Tim Connolly wins face-off versus Darroll Powe in Flyers zone.
14:13 of 3rd period - Shot by Matt Duchene.
14:13 of 3rd period - Deflect By Michael Frolik.
14:13 of 3rd period - Shot Misses the Net.
14:15 of 3rd period - Shot by Matt Duchene.
14:15 of 3rd period - Shot Misses the Net.
14:17 of 3rd period - Shot by Jamie McBain.
14:17 of 3rd period - Shot Blocked by John Madden.
14:17 of 3rd period - John Madden from Flyers is injured at 14:17 of 3rd period (Right Hand).
14:18 of 3rd period - Matt Duchene wins face-off versus Tim Connolly in Flyers zone.
14:40 of 3rd period - Icing by Craig Conroy.
14:41 of 3rd period - Matt Duchene wins face-off versus Brendan Morrison in Kings zone.
14:58 of 3rd period - Ladislav Smid is hit by Ruslan Fedotenko and loses puck.
15:22 of 3rd period - Shot by Brendan Morrison.
15:22 of 3rd period - Goal by Brendan Morrison - Flyers : 2 - Kings : 2.
15:23 of 3rd period - Darroll Powe wins face-off versus Justin Williams in neutral zone.
15:40 of 3rd period - Shot by Tim Connolly.
15:40 of 3rd period - Stopped by Nikolai Khabibulin with a rebound.
15:42 of 3rd period - Shot by Chris Pronger.
15:42 of 3rd period - Stopped by Nikolai Khabibulin with a rebound.
15:44 of 3rd period - Shot by Justin Williams.
15:44 of 3rd period - Shot Misses the Net.
15:48 of 3rd period - Shot by Andrei Markov.
15:48 of 3rd period - Shot Blocked by Kent Huskins.
15:52 of 3rd period - Shot by Chris Pronger.
15:52 of 3rd period - Stopped by Nikolai Khabibulin without a rebound.
15:53 of 3rd period - Brendan Morrison wins face-off versus Matt Duchene in Kings zone.
16:08 of 3rd period - Shot by Brendan Morrison.
16:08 of 3rd period - Deflect By Radim Vrbata.
16:08 of 3rd period - Shot Blocked by Martin Skoula.
16:10 of 3rd period - Shot by Radim Vrbata.
16:10 of 3rd period - Stopped by Nikolai Khabibulin without a rebound.
16:11 of 3rd period - Brendan Morrison wins face-off versus Ruslan Fedotenko in Kings zone.
16:18 of 3rd period - Shot by Brendan Morrison.
16:18 of 3rd period - Shot Blocked by Martin Skoula.
16:22 of 3rd period - Shot by Kevin Bieksa.
16:22 of 3rd period - Shot Blocked by Martin Skoula.
16:24 of 3rd period - Shot by Niklas Hagman.
16:24 of 3rd period - Deflect By Radim Vrbata.
16:24 of 3rd period - Shot Misses the Net.
16:26 of 3rd period - Shot by Niklas Hagman.
16:26 of 3rd period - Shot Misses the Net.
16:28 of 3rd period - Shot by Rob Blake.
16:28 of 3rd period - Shot Blocked by Bryan Allen.
16:52 of 3rd period - Chris Pronger is hit by Ruslan Fedotenko and loses puck.
17:00 of 3rd period - Icing by Chris Pronger.
17:01 of 3rd period - Jochen Hecht wins face-off versus Darroll Powe in Flyers zone.
18:57 of 3rd period - Icing by Craig Adams.
18:58 of 3rd period - Tim Connolly wins face-off versus Craig Conroy in Kings zone.
19:11 of 3rd period - Shot by Justin Williams.
19:11 of 3rd period - Stopped by Nikolai Khabibulin without a rebound.
19:12 of 3rd period - Matt Duchene wins face-off versus Glen Metropolit in Kings zone.
19:12 of 3rd period - Matt Duchene is hit by Jochen Hecht.
19:32 of 3rd period - Shot by Glen Metropolit.
19:32 of 3rd period - Stopped by Nikolai Khabibulin without a rebound.
19:33 of 3rd period - Matt Duchene wins face-off versus Tim Connolly in Kings zone.
19:44 of 3rd period - Shot by Michael Frolik.
19:44 of 3rd period - Stopped by Tomas Vokoun without a rebound.
19:45 of 3rd period - Tim Connolly wins face-off versus Matt Duchene in Flyers zone.

Overtime #1

0:01 of 1st overtime period - Tim Connolly wins face-off versus Matt Duchene in neutral zone.
0:09 of 1st overtime period - Icing by Sean Bergenheim.
0:10 of 1st overtime period - Tim Connolly wins face-off versus Matt Duchene in Kings zone.
0:13 of 1st overtime period - Shot by Niklas Hagman.
0:13 of 1st overtime period - Shot Misses the Net.
0:22 of 1st overtime period - Sean Bergenheim is hit by Kevin Bieksa and loses puck.
0:28 of 1st overtime period - Matt Duchene is hit by Kevin Bieksa and loses puck.
0:40 of 1st overtime period - Icing by Rob Blake.
0:41 of 1st overtime period - Craig Adams wins face-off versus Tim Connolly in Flyers zone.
1:10 of 1st overtime period - Shot by Craig Adams.
1:10 of 1st overtime period - Shot Misses the Net.
2:05 of 1st overtime period - Shot by Matt Duchene.
2:05 of 1st overtime period - Shot Misses the Net.
2:07 of 1st overtime period - Shot by Jamie McBain.
2:07 of 1st overtime period - Deflect By Matt Duchene.
2:07 of 1st overtime period - Stopped by Tomas Vokoun without a rebound.
2:08 of 1st overtime period - Brendan Morrison wins face-off versus Matt Duchene in Flyers zone.
4:48 of 1st overtime period - Icing by Chris Pronger.
4:49 of 1st overtime period - Craig Adams wins face-off versus Tim Connolly in Flyers zone.
4:58 of 1st overtime period - Shot by Ruslan Fedotenko.
4:58 of 1st overtime period - Stopped by Tomas Vokoun without a rebound.
4:59 of 1st overtime period - Glen Metropolit wins face-off versus Craig Adams in Flyers zone.

ShootOut

ShootOut - Penalty Shot by Tim Connolly for Flyers.
ShootOut - Shot Misses the Net.
ShootOut - Penalty Shot by Matt Duchene for Kings.
ShootOut - Stopped by Tomas Vokoun.
ShootOut - Penalty Shot by Jochen Hecht for Flyers.
ShootOut - Stopped by Nikolai Khabibulin.
ShootOut - Penalty Shot by Sean Bergenheim for Kings.
ShootOut - Shot Misses the Net.
ShootOut - Penalty Shot by Lee Stempniak for Flyers.
ShootOut - Stopped by Nikolai Khabibulin.
ShootOut - Penalty Shot by Craig Adams for Kings.
ShootOut - Stopped by Tomas Vokoun.
ShootOut - Penalty Shot by Niklas Hagman for Flyers.
ShootOut - Stopped by Nikolai Khabibulin.
ShootOut - Penalty Shot by Ruslan Fedotenko for Kings.
ShootOut - Goal by Ruslan Fedotenko.


Output by the SimonT Hockey Simulator (STHS) for Stephane Roy -- Original Page W3C XHTML 1.0 Valid